Map: [TLMC15] Curious Minds

Players

Bunny

  • Race: Terran Terran

Serral - Winner!

  • Race: Zerg Zerg

Event: StayAtHome Story Cup #4

VOD

Have the link to the VOD?

Description

Time

  • Played on: Oct. 22, 2021, 10:22 a.m.
  • Length: 10:40

All games in this series

Show
View Real Time Build Order
Export as new Build Order

Bunny Terran 

Build Orders: Reaper Expand, Hellion Banshee 

Get SALT Encoding   

  12  0:00  SCV  
  13  0:12  SCV  
  14  0:17  Supply Depot  
  14  0:24  SCV  
  15  0:38  SCV  
  15  0:39  Barracks  
  16  0:42  Refinery  
  16  0:50  SCV  
  17  1:03  SCV  
  18  1:15  SCV  
  19  1:26  Reaper  
  19  1:27  Orbital Command  
  20  1:38  Command Center  
  20  1:49  Supply Depot  
  20  1:53  SCV  
  21  1:58  Marine  
  22  2:05  SCV  
  22  2:08  Factory  
  23  2:17  SCV  
  23  2:18  Refinery  
  23  2:20  Barracks Reactor  
  24  2:29  SCV  
  24  2:41  SCV  
  25  2:53  SCV, Starport, Orbital Command  
  26  3:02  Hellion x2  
  26  3:04  Barracks Tech Lab  
  31  3:05  SCV  
  31  3:17  SCV  
  31  3:19  SCV  
  33  3:23  Hellion x2  
  33  3:26  Supply Depot  
  37  3:29  SCV  
  37  3:31  SCV  
  39  3:44  Banshee  
  39  3:45  Hellion x2  
  39  3:47  Cloaking Field  
  45  3:52  Barracks Tech Lab  
  45  3:53  SCV x2  
  43  3:58  Supply Depot  
  43  4:05  SCV x2  
  45  4:10  Command Center  
  45  4:15  Stimpack  
  45  4:17  SCV  
  45  4:18  SCV  
  47  4:25  Supply Depot  
  47  4:27  Banshee  
  50  4:32  SCV x2  
  52  4:42  Engineering Bay  
  52  4:44  Engineering Bay  
  52  4:46  SCV x2  
  52  4:48  Supply Depot  
  52  4:49  Marine  
  52  4:52  Factory Reactor  
  55  4:58  SCV x2  
  52  5:07  Barracks  
  52  5:10  SCV x2  
  52  5:11  Barracks  
  51  5:22  SCV x2  
  51  5:23  Orbital Command  
  51  5:25  Starport Reactor  
  51  5:27  Marine  
  54  5:31  Terran Infantry Weapons Level 1, Terran Infantry Armor Level 1  
  54  5:39  Supply Depot, Refinery  
  54  5:40  SCV  
  54  5:41  SCV, Refinery  
  56  5:51  Orbital Command  
  56  5:52  Siege Tank  
  56  5:56  SCV x2  
  61  6:02  Combat Shield  
  61  6:04  Marine x3  
  62  6:08  SCV x2  
  66  6:12  Supply Depot  
  66  6:13  Supply Depot  
  66  6:14  Marine x2  
  66  6:17  Medivac  
  70  6:20  SCV x3  
  70  6:21  Marine x2  
  70  6:22  Marine  
  79  6:25  Siege Tank  
  79  6:32  SCV x3  
  82  6:35  Marine  
  82  6:36  Marine  
  82  6:39  Barracks, Marine x3  
  86  6:42  Barracks, Medivac  
  89  6:47  Medivac  
  89  6:53  SCV x3  
  94  6:57  Siege Tank  
  94  7:00  Marine x5  
  102  7:05  SCV x2  
  102  7:06  SCV  
  102  7:07  Supply Depot  
  105  7:08  Supply Depot  
  105  7:12  Medivac  
  107  7:17  SCV x2, Medivac  
  107  7:18  SCV  
  107  7:19  Armory  
  112  7:25  Marine x3, Marauder  
  112  7:28  Marine  
  114  7:38  Barracks Reactor x2  
  114  7:43  Marine x3  
  66  7:44  Supply Depot, Medivac  
  117  7:46  Supply Depot, Marine  
  117  7:47  Marauder  
  99  8:01  SCV x2, Marine x3  
  99  8:02  SCV  
  99  8:04  Marine  
  93  8:08  Marauder  
  89  8:13  SCV, Terran Infantry Weapons Level 2  
  89  8:14  SCV x2  
  89  8:18  Terran Infantry Armor Level 2, Marine  
  89  8:19  Marine  
  94  8:23  Marine x4  
  94  8:24  Marine x2  
  94  8:25  SCV  
  94  8:26  SCV x2  
  103  8:37  Siege Tank  
  103  8:38  SCV x3  
  105  8:43  Marauder  
  105  8:46  Orbital Command  
  105  8:47  Marine x5  
  107  8:55  Marine x3  
  106  8:59  SCV x2  
  109  9:07  Marauder, Marine x3  
  109  9:08  Marine x2  
  116  9:13  SCV x3  
  119  9:19  Siege Tank  
  119  9:21  Command Center  
  122  9:26  Marine x4  
  122  9:27  Concussive Shells  
  122  9:28  Marauder  
  112  9:39  Marine  
  112  9:40  Marine x3  
  112  9:43  Marine  
  117  9:49  Marauder  
  117  9:50  SCV x2  
  117  9:51  Siege Tank  
  117  9:52  Marine x2  
  85  10:08  Marine x6  
  85  10:11  Marauder  
  90  10:16  Marine x2  
Show
View Real Time Build Order
Export as new Build Order

Serral Zerg - Winner!

Build Orders: Hatch First 

Get SALT Encoding   

  12  0:00  Drone  
  13  0:12  Overlord  
  13  0:16  Drone  
  14  0:30  Drone x2  
  16  0:47  Hatchery  
  15  0:50  Drone  
  15  0:54  Drone  
  17  0:57  Drone  
  18  1:07  Extractor  
  17  1:12  Spawning Pool  
  17  1:15  Drone  
  17  1:19  Drone  
  18  1:28  Drone  
  19  1:39  Drone  
  20  1:50  Drone  
  21  1:59  Queen  
  21  2:00  Queen, Zergling x4  
  27  2:12  Overlord  
  27  2:13  Drone  
  28  2:30  Drone x2  
  28  2:32  Drone x2  
  28  2:35  Queen  
  33  2:45  Drone  
  33  2:46  Drone  
  33  2:50  Extractor  
  34  2:52  Overlord  
  34  2:53  Drone  
  36  3:01  Hatchery  
  35  3:05  Roach Warren  
  35  3:10  Drone  
  35  3:11  Drone x2  
  35  3:12  Drone  
  38  3:13  Drone  
  38  3:15  Drone x2  
  38  3:17  Drone  
  42  3:24  Overlord  
  42  3:26  Overlord  
  42  3:35  Overlord  
  42  3:47  Roach  
  42  3:48  Roach x6  
  56  3:51  Spore Crawler  
  56  3:54  Queen  
  58  3:57  Roach  
  58  4:00  Overlord  
  60  4:07  Lair  
  60  4:08  Drone x2  
  62  4:12  Drone x2  
  64  4:17  Queen  
  64  4:21  Drone x2  
  64  4:22  Drone, Extractor  
  64  4:24  Drone  
  69  4:25  Drone  
  69  4:27  Drone  
  69  4:31  Overlord  
  71  4:32  Drone  
  71  4:34  Drone  
  71  4:37  Drone x2  
  75  4:38  Drone  
  75  4:42  Drone x3  
  79  4:46  Spore Crawler  
  79  4:50  Spore Crawler  
  79  4:51  Spore Crawler  
  79  4:52  Drone x2  
  78  4:54  Drone  
  78  4:57  Drone x2  
  78  4:58  Drone  
  82  5:02  Drone x3  
  85  5:07  Drone x2  
  85  5:11  Drone x2  
  85  5:13  Drone  
  86  5:14  Drone  
  86  5:18  Evolution Chamber, Extractor x2, Glial Reconstitution  
  86  5:19  Evolution Chamber  
  86  5:20  Drone x2  
  81  5:22  Extractor  
  81  5:23  Overseer, Extractor  
  81  5:25  Drone  
  80  5:31  Drone  
  80  5:33  Metabolic Boost  
  81  5:38  Roach x2  
  81  5:39  Hatchery  
  84  5:47  Drone  
  84  5:48  Zerg Ground Armor Level 1  
  84  5:49  Drone x4  
  88  5:52  Overlord  
  88  5:54  Overlord  
  88  5:56  Zerg Missile Weapons Level 1, Overlord  
  88  5:57  Overseer  
  88  6:00  Drone  
  88  6:03  Overlord  
  89  6:06  Overlord  
  89  6:09  Overlord  
  89  6:10  Queen  
  91  6:15  Overlord x3  
  91  6:22  Roach  
  91  6:23  Roach x3  
  99  6:27  Roach x2  
  99  6:31  Roach  
  99  6:32  Roach x2  
  109  6:37  Overlord  
  109  6:38  Roach  
  109  6:39  Roach x2  
  117  6:40  Roach  
  117  6:41  Roach  
  123  6:47  Roach x3  
  125  6:55  Overlord x2  
  125  6:58  Roach x3  
  125  6:59  Roach  
  133  7:02  Roach x2  
  133  7:03  Ravager x2  
  133  7:04  Ravager  
  140  7:09  Ravager x3  
  140  7:11  Roach x3  
  149  7:16  Overlord  
  149  7:17  Roach  
  149  7:18  Roach x2  
  149  7:21  Queen  
  157  7:23  Overlord  
  157  7:26  Roach  
  157  7:27  Roach  
  161  7:32  Roach x3  
  161  7:36  Overseer  
  159  7:38  Ravager  
  159  7:39  Ravager x3  
  159  7:41  Roach  
  159  7:43  Roach, Zergling x8  
  171  7:48  Zergling x10  
  176  7:57  Roach x4, Zergling x4  
  163  8:04  Roach  
  163  8:05  Roach x3  
  143  8:06  Roach  
  143  8:11  Roach x3  
  141  8:17  Roach x3  
  147  8:21  Ravager  
  147  8:22  Roach x3  
  147  8:24  Roach  
  156  8:31  Roach x4  
  164  8:41  Roach x2  
  164  8:42  Zergling x2  
  164  8:48  Zergling x10  
  168  8:51  Overlord  
  168  8:58  Roach x4  
  173  9:06  Overlord  
  173  9:08  Roach  
  173  9:09  Roach x4  
  182  9:14  Roach x3  
  182  9:16  Ravager  
  190  9:17  Ravager  
  190  9:18  Ravager  
  190  9:23  Roach x4  
  198  9:37  Roach x10  
  195  9:41  Ravager  
  195  9:42  Ravager  
  195  9:45  Zergling x4  
  183  9:55  Roach x8, Zergling x2  
  176  10:02  Roach x2  
  172  10:10  Zergling x14  
  175  10:18  Roach  
  175  10:20  Roach x2  
Tags
 
Add a new tag
Caveats
  • Supply blocks, unpowered buildings, or Contaminate may cause inaccurate times.
  • Supply counts are checked every 10 seconds.